 Dungeon Crawl Stone Soup version 0.19.4-8-ga85b6b9 (webtiles) character file.

44 Naow the Caller (level 3, 0/19 HPs)
             Began as a Deep Elf Summoner on Feb 10, 2017.
             Killed by Freeze
             ... invoked by Amadiro's ghost
              (10 damage)
             ... on level 3 of the Dungeon.
             The game lasted 00:04:06 (2370 turns).

Naow the Caller (Deep Elf Summoner)                 Turns: 2370, Time: 00:04:06

Health: 0/19       AC:  2    Str:  5    XL:     3   Next: 39%
Magic:  9/10       EV: 13    Int: 20    God:
Gold:   162        SH:  0    Dex: 15    Spells: 3 memorised, 3 levels left

rFire  . . .     SeeInvis .     (no weapon)
rCold  . . .     Gourm    .     a - +0 robe
rNeg   . . .     Faith    .     (no shield)
rPois  .         Spirit   .     (no helmet)
rElec  .         Reflect  .     (no cloak)
rCorr  .         Harm     .     (no gloves)
MR     .....                    (no boots)
Stlth  ++........               (no amulet)
                                (no ring)
                                (no ring)

@: no status effects
A: no striking features
a: no special abilities


You were on level 3 of the Dungeon.
You were not hungry.

You visited 1 branch of the dungeon, and saw 3 of its levels.

You collected 162 gold pieces.

Inventory:

Armour
 a - a +0 robe (worn)
Jewellery
 e - an uncursed ring of ice {unknown}
 l - an uncursed ring of magical power {unknown}
Wands
 n - a wand of paralysis (8/24)
Scrolls
 g - a scroll of identify {unknown}
 k - a scroll of enchant weapon {unknown}
 m - a scroll of recharging {unknown}
 q - a scroll of blinking {unknown}
 r - a scroll of immolation {unknown}
 s - a scroll of remove curse {unknown}
Potions
 d - a potion of curing
 f - a potion of degeneration {unknown}
 h - 3 potions of haste {unknown}
 i - a potion of agility {unknown}
 j - 2 potions of lignification {unknown}
Books
 b - a book of Callings

   Spells                             Type                      Level
   a - Summon Small Mammal            Summoning                    1
   b - Call Imp                       Summoning                    2
   c - Call Canine Familiar           Summoning                    3
   d - Summon Guardian Golem          Hexes/Summoning              3
   e - Summon Lightning Spire         Summoning/Air                4
   f - Summon Ice Beast               Ice/Summoning                4
Comestibles
 c - 4 bread rations
 o - a meat ration


   Skills:
 - Level 2.4 Dodging
 - Level 2.4 Stealth
 + Level 3.5 Spellcasting
 * Level 5.4 Summonings


You had 3 spell levels left.
You knew the following spells:

 Your Spells              Type           Power        Failure   Level  Hunger
a - Summon Small Mammal   Summ           ####         1%          1    None
b - Call Imp              Summ           ####....     2%          2    ##.....
c - Call Canine Familiar  Summ           ####....     6%          3    ###....


Dungeon Overview and Level Annotations

Branches:
Dungeon (3/15)

Altars:
Elyvilon
Kikubaaqudgha
Qazlal
Xom
Zin

Annotations:
D:3 Amadiro's ghost, amateur DEIE


Message History

Casting: Call Imp
Confirm with . or Enter, or press ? or * to list all spells.
Amadiro's ghost misses you.
Amadiro's ghost gestures at you while chanting.
The spray of energy hits you!
You are confused.
The spray of energy hits your quokka.
Your quokka dies!
Your quokka's corpse disappears in a puff of smoke!
You're too confused to cast spells.
You bump into the rock wall.
Amadiro's ghost barely misses you. Amadiro's ghost hits you.
* * * LOW HITPOINT WARNING * * *
You see here a dented citrine amulet.
You are too injured to fight recklessly!
It was a potion of curing.
You feel better.
Amadiro's ghost points at you and mumbles some strange words.
You are frozen.
Ouch! That really hurt!
You die...

#. .#
###.##.######
#............
#. #<# #.###.#
...#.# #.#.#
##.#.W.#.####
#....@........
#....#.#.#.#.#
#..........
#....#.#.#.#.#
........
.......
.....###
#.###.# .....
.. ..... ...


You could see Amadiro's ghost.

Vanquished Creatures
  A dart slug (D:1)
  A goblin (D:1)
  2 bats
  A rat (D:2)
5 creatures vanquished.

Vanquished Creatures (collateral kills)
  2 adders (D:2)
  2 worms (D:2)
  4 dart slugs
  A leopard gecko (D:2)
  2 bats (D:1)
  3 giant cockroaches
  5 goblins
  A hobgoblin (D:2)
  2 kobolds (D:2)
  2 ball pythons
  8 rats
32 creatures vanquished.

Grand Total: 37 creatures vanquished

Notes
Turn   | Place    | Note
-------+----------+-------------------------------------------
     0 | D:1      | Naow the Deep Elf Summoner began the quest for the Orb.
     0 | D:1      | Reached XP level 1. HP: 10/10 MP: 6/6
   403 | D:1      | Reached XP level 2. HP: 13/15 MP: 4/8
  1041 | D:1      | Reached skill level 5 in Summonings
  1440 | D:2      | Found a shimmering altar of Xom.
  1537 | D:2      | Reached XP level 3. HP: 15/19 MP: 5/10
  1541 | D:2      | Learned a level 2 spell: Call Imp
  1545 | D:2      | Learned a level 3 spell: Call Canine Familiar
  1685 | D:2      | Found a stormy altar of Qazlal.
  1697 | D:2      | Found an ancient bone altar of Kikubaaqudgha.
  1858 | D:2      | Found a white marble altar of Elyvilon.
  2066 | D:2      | Found a glowing silver altar of Zin.
  2361 | D:3      | Noticed Amadiro's ghost (amateur DEIE)
  2370 | D:3      | Killed from afar by Amadiro's ghost

Skill      XL: |  1  2 |
---------------+-------+-----
Summonings     | 5 |  5.4
Dodging        | |  2.4
Stealth        | |  2.4
Spellcasting   | |  3.5

Action                   || total
-------------------------++-------
Melee: Unarmed           ||    47
 Cast: Summon Small Mamm ||    82
       Call Imp          ||     1
       Call Canine Famil ||     1
  Use: Potion            ||     1
 Stab: Sleeping          ||     2
       Distracted        ||     2
  Eat: Chunk             ||     4
Armor: Robe              ||    27
Dodge: Dodged            ||    82
